 Dungeon Crawl Stone Soup version 0.24-a0-528-g98e85ec62a (webtiles) character file.

Game seed: 14853961386584075454

548 Mithandil the Conjurer (level 7, -5/40 HPs)
             Began as a Tengu Conjurer on Aug 6, 2019.
             Slain by an orc warrior
             ... wielding a +0 war axe
              (8 damage)
             ... on level 4 of the Dungeon.
             The game lasted 00:34:00 (4366 turns).

Mithandil the Conjurer (Tengu Conjurer)             Turns: 4366, Time: 00:34:01

Health: -5/40      AC:  8    Str: 14    XL:     7   Next: 28%
Magic:  7/13       EV: 13    Int: 16    God:
Gold:   283        SH:  4    Dex: 14    Spells: 6/13 levels left

rFire    . . .     SeeInvis .   b - +5 spear (venom)
rCold    . . .     Gourm    .   (no shield)
rNeg     . . .     Faith    .   q - +3 leather armour
rPois    .         Spirit   .   v - +2 hat
rElec    .         Reflect  +   (no cloak)
rCorr    +         Harm     .   (no gloves)
MR       .....                  (boots unavailable)
Stlth    ++........             t - +4 amulet of reflection
HPRegen  0.13/turn              k - +4 ring of strength
MPRegen  0.13/turn              o - ring of resist corrosion

@: no status effects
A: beak, talons 3, able to fly
a: Fly


You were on level 4 of the Dungeon.
You were very hungry.

You visited 1 branch of the dungeon, and saw 5 of its levels.

You collected 283 gold pieces.

Inventory:

Hand Weapons
 b - a +5 spear of venom (weapon)
 d - a +0 short sword
 e - a +0 halberd
 r - a +0 scimitar
 u - a +0 whip
Missiles
 g - 14 poisoned darts (quivered)
Armour
 q - a +3 leather armour (worn)
 v - a +2 hat (worn)
Jewellery
 k - a +4 ring of strength (left hand)
 o - a ring of resist corrosion (right hand)
 t - a +4 amulet of reflection (around neck)
Scrolls
 f - 2 scrolls of amnesia {unknown}
 i - 2 scrolls of teleportation
 n - a scroll of remove curse
 s - 2 scrolls of noise {unknown}
 w - a scroll of enchant armour
 x - a scroll of identify
Potions
 a - 2 potions of curing {unknown}
 h - 2 potions of haste {unknown}
 j - a potion of heal wounds
 l - a potion of degeneration {unknown}
 m - 2 potions of lignification {unknown}
 p - 2 potions of flight {unknown}
Comestibles
 c - 7 rations


   Skills:
 + Level 2.0 Fighting
 + Level 1.5 Polearms
 * Level 2.6 Throwing
 + Level 3.3 Dodging
 + Level 3.3 Stealth
 * Level 3.7 Spellcasting
 * Level 6.8 Conjurations
 + Level 1.2 Translocations


You had 6 spell levels left.
You knew the following spells:

 Your Spells              Type           Power        Failure   Level  Hunger
a - Magic Dart            Conj           ###.         1%          1    None
b - Searing Ray           Conj           ###...       1%          2    ##.....
c - Force Lance           Conj/Tloc      ###.....     38%         4    ####...

Your spell library contained the following spells:

 Spells                   Type           Power        Failure   Level  Hunger
 Iskenderun's Mystic Bla  Conj           ###.....     14%         4    ####...
 Dazzling Spray           Conj/Hex       ##....       16%         3    ###....
 Fulminant Prism          Conj/Hex       ##........   47%         4    ####...


Dungeon Overview and Level Annotations

Branches:
Dungeon (5/15)
 Temple: D:4-7

Altars:
Cheibriados
Elyvilon
Sif Muna
Wu Jian
Xom
The Shining One

Annotations:
D:4 1 runed translucent door, Norm's ghost, amateur DrWn


Innate Abilities, Weirdness & Mutations

You have a beak for a mouth.
You have claws for feet.
You can fly continuously.


Message History

You hit the orc warrior.
The orc warrior is poisoned.
Your kick misses the orc warrior.
The orc warrior is moderately wounded.
The orc warrior hits you with a +0 war axe!!
An orc comes into view.
Casting: Searing Ray (safe; 1% risk of failure)
Confirm with . or Enter, or press ? or * to list all spells.
Aiming: Searing Ray (safe; 1% risk of failure)
Press: ? - help, Shift-Dir - straight line, f/p - orc warrior
Aim: an orc warrior, wielding a +0 war axe and wearing a +3 plate armour (moderately wounded, poisoned)
The searing ray hits the orc warrior but does no damage.
The orc warrior is moderately wounded. (Press . to maintain the ray.)
The orc warrior hits you with a +0 war axe!!
* * * LOW HITPOINT WARNING * * *
An orc comes into view.
The searing ray hits the orc warrior but does no damage.
The orc warrior is moderately wounded.
The orc warrior hits you with a +0 war axe!
You die...

## o## ..# o.#
.!# o.# ###o#
##.@# ..
##..## ..#
##..##
#..#######..##
#..........##
#..........##
#..........# #
#..........#
##
#....#######


You could see an orc warrior and 3 orcs.

Vanquished Creatures
  3 big kobolds (D:3)
  A hound (D:5)
  Ijyb (D:3)
  A hound skeleton (D:4)
  8 gnolls (D:3)
  3 adders
  5 oozes
  A dart slug (D:1)
  2 leopard geckos
  An orc (D:3)
  2 giant cockroaches
  27 hobgoblins
  8 jackals
  A quokka (D:2)
  A ball python (D:1)
  10 bats
  4 frilled lizards
  29 goblins
  14 kobolds
  9 rats
131 creatures vanquished.

Notes
Turn   | Place    | Note
-------+----------+-------------------------------------------
     0 | D:1      | Mithandil the Tengu Conjurer began the quest for the Orb.
     0 | D:1      | Reached XP level 1. HP: 10/10 MP: 4/4
    78 | D:1      | Reached XP level 2. HP: 15/15 MP: 0/6
    82 | D:1      | Learned a level 2 spell: Searing Ray
   550 | D:1      | Reached XP level 3. HP: 20/20 MP: 2/7
  1070 | D:5      | Entered Level 5 of the Dungeon
  1081 | D:5      | Reached skill level 1 in Fighting
  1081 | D:5      | Reached XP level 4. HP: 15/25 MP: 0/9
  1352 | D:1      | Reached skill level 1 in Throwing
  1358 | D:1      | Learned a level 4 spell: Force Lance
  1645 | D:2      | Reached skill level 6 in Conjurations
  2140 | D:2      | Found a deep blue altar of Sif Muna.
  2517 | D:3      | Gained mutation: You can fly continuously. [Tengu growth]
  2517 | D:3      | Reached XP level 5. HP: 19/29 MP: 0/10
  2838 | D:3      | Noticed a big kobold
  2851 | D:3      | Noticed a big kobold
  2858 | D:3      | Killed a big kobold
  2858 | D:3      | Reached XP level 6. HP: 22/34 MP: 2/11
  2907 | D:3      | Reached skill level 1 in Polearms
  3250 | D:3      | Reached skill level 1 in Translocations
  3405 | D:3      | Reached XP level 7. HP: 39/39 MP: 0/13
  3513 | D:3      | Found a glowing golden altar of the Shining One.
  3613 | D:3      | Noticed Ijyb
  3631 | D:3      | Killed Ijyb
  3685 | D:3      | Found a snail-covered altar of Cheibriados.
  3688 | D:3      | Found a white marble altar of Elyvilon.
  3691 | D:3      | Found an ornate altar of the Wu Jian Council.
  4106 | D:4      | Found a shimmering altar of Xom.
  4107 | D:4      | Found a shimmering altar of Xom.
  4113 | D:4      | Found a shimmering altar of Xom.
  4114 | D:4      | Found a shimmering altar of Xom.
  4114 | D:4      | Found a shimmering altar of Xom.
  4115 | D:4      | Found a shimmering altar of Xom.
  4206 | D:4      | Found a runed translucent door.
  4207 | D:4      | Noticed Norm's ghost (amateur DrWn)
  4224 | D:4      | Found a shimmering altar of Xom.
  4366 | D:4      | Slain by an orc warrior

Levels and vault maps discovered:
D:1:      onia_arrival_handbag, layout_loops_corners, minmay_three_crescents
D:2:      layout_loops_ring, led_sif_pool, supply_closet_lemuel
D:3:      minmay_goblin_kobold_castle, layout_rooms, lemuel_crystal_altar,
          grunt_temple_overflow_diamond, uniq_ijyb
D:4:      layout_layer_cave, gammafunk_ghost_grave, first_ration,
          xom_redecorated
D:5:      layout_rooms, minmay_temple_entry_sparse_star, minmay_starry_boxes

Skill      XL: |  1  2  3  4  5  6  7 |
---------------+----------------------+-----
Fighting       | 1 2 |  2.0
Throwing       | 1 2 |  2.6
Conjurations   | 6 |  6.8
Spellcasting   | 3 |  3.7
Dodging        | 3 |  3.3
Stealth        | 3 |  3.3
Polearms       | 1 |  1.5
Translocations | 1 |  1.2

Action                   |  1- 3 |  4- 6 |  7- 9 || total
-------------------------+-------+-------+-------++-------
Melee: Unarmed           |     8 |       |       ||     8
       Kick              |     6 |    16 |     2 ||    24
       Peck              |     2 |     4 |     4 ||    10
       Short sword       |    12 |    10 |       ||    22
       Spear             |       |    88 |    15 ||   103
 Cast: Magic Dart        |    48 |    87 |    17 ||   152
       Searing Ray       |     4 |     7 |     5 ||    16
 Abil: Fly               |       |     1 |     1 ||     2
       Stop Flying       |       |       |     2 ||     2
  Use: Scroll            |     2 |     9 |       ||    11
 Stab: Sleeping          |       |     6 |       ||     6
  Eat: Chunk             |     1 |     8 |     2 ||    11
Armor: Robe              |     5 |       |       ||     5
       Leather armour    |       |    28 |     5 ||    33
Dodge: Dodged            |    22 |    61 |     8 ||    91
Block: Other             |       |       |     1 ||     1

Table legend:
 A = Non-vault XP
 B = Vault XP
 C = Vault XP percentage of total XP
 D = Non-vault monster count
 E = Vault monster count
 F = Vault count percentage of total count
                 A         B        C        D         E       F
            +---------+---------+-------+---------+---------+-------
      Total |     207 |     577 |  73.6 |      59 |      72 |  55.0
            +---------+---------+-------+---------+---------+-------
        D:1 |      50 |      26 |  34.2 |      27 |      10 |  27.0
        D:2 |      31 |       0 |   0.0 |      12 |       0 |   0.0
        D:3 |      62 |     551 |  89.9 |      18 |      62 |  77.5
        D:4 |      18 |       0 |   0.0 |       1 |       0 |   0.0
        D:5 |      46 |       0 |   0.0 |       1 |       0 |   0.0
            +---------+---------+-------+---------+---------+-------
